 Dungeon Crawl Stone Soup version 0.21-a0-591-g2314aa1 (webtiles) character file.

62 Amnesiac the Digger (level 3, 0/19 HPs)
             Began as a Deep Elf Earth Elementalist on Dec 22, 2017.
             Killed from afar by Sigmund (8 damage)
             ... with a magic dart
             ... on level 2 of the Dungeon.
             The game lasted 00:01:23 (971 turns).

Amnesiac the Digger (Deep Elf Earth Elementalist)    Turns: 971, Time: 00:01:24

Health: 0/19       AC:  3    Str:  2 (5)  XL:     3   Next: 85%
Magic:  10/10      EV: 18    Int: 22 (25) God:
Gold:   67         SH:  0    Dex: 18 (20) Spells: 9/10 levels left

rFire    . . .     SeeInvis .   (no weapon)
rCold    . . .     Gourm    .   (no shield)
rNeg     . . .     Faith    .   c - +0 robe
rPois    .         Spirit   .   l - +1 hat
rElec    .         Reflect  .   (no cloak)
rCorr    .         Harm     .   (no gloves)
MR       .....                  (no boots)
Stlth    +++.......             (no amulet)
HPRegen  0.06/turn              (no ring)
MPRegen  0.12/turn              (no ring)

@: brilliant, agile
A: no striking features
a: no special abilities


You were on level 2 of the Dungeon.
You were not hungry.

You visited 1 branch of the dungeon, and saw 2 of its levels.

You collected 67 gold pieces.

Inventory:

Missiles
 f - 27 poisoned needles
Armour
 c - a +0 robe (worn)
 l - a +1 hat (worn)
Scrolls
 j - a scroll of immolation {!r}
Potions
 k - a potion of brilliance {!q}
Books
 e - a book of Geomancy

   Spells                             Type                      Level
   a - Sandblast                      Earth                        1
   b - Passwall                       Transmutation/Earth          2
   c - Stone Arrow                    Conjuration/Earth            3
   d - Petrify                        Transmutation/Earth          4
   e - Lee's Rapid Deconstruction     Earth                        5
Comestibles
 d - 5 rations
 o - 4 chunks of flesh


   Skills:
 - Level 2.4 Dodging
 - Level 2.4 Stealth
 + Level 4.0 Spellcasting
   Level 1.1 Transmutations
 * Level 4.7 Earth Magic


You had 9 spell levels left.
You knew the following spells:

 Your Spells              Type           Power        Failure   Level  Hunger
a - Sandblast             Erth           #####.       1%          1    None


Dungeon Overview and Level Annotations

Branches:
Dungeon (2/15)

Altars:

Annotations:
D:2 Sigmund


Message History

The blast of sand hits Sigmund.
Sigmund is moderately wounded.
You now have no stones remaining.
Sigmund gestures at you while chanting. The puff of flame misses you.
Casting: Sandblast
Confirm with . or Enter, or press ? or * to list all spells.
Aiming: Sandblast
Press: ? - help, Shift-Dir - straight line, f/p - Sigmund
Aim: Sigmund, wielding a scythe of flaming and wearing a robe (moderately wounded)
You don't have any stones to cast with.
Casting: Sandblast
Confirm with . or Enter, or press ? or * to list all spells.
Aiming: Sandblast
Press: ? - help, Shift-Dir - straight line, f/p - Sigmund
Aim: Sigmund, wielding a scythe of flaming and wearing a robe (moderately wounded)
You don't have any stones to cast with.
Casting: Sandblast
Confirm with . or Enter, or press ? or * to list all spells.
Aiming: Sandblast
Press: ? - help, Shift-Dir - straight line, f/p - Sigmund
Aim: Sigmund, wielding a scythe of flaming and wearing a robe (moderately wounded)
You don't have any stones to cast with.
Unknown command.
Wield which item (- for none, * to show all)? (? for menu, Esc to quit)
Okay, then.
Sigmund gestures wildly while chanting.
Sigmund flickers and vanishes!
Deactivating autopickup; reactivate with Ctrl-A.
Really quaff
k - 2 cyan potions {!q}?
It was a potion of brilliance {!q}.
You feel clever all of a sudden.
A puff of flame appears from out of thin air!
The puff of flame hits you!
Ouch! That really hurt!
* * * LOW HITPOINT WARNING * * *
You see here a dagger.
Really quaff
g - a murky black potion {!q}?
It was a potion of agility {!q}.
You feel agile all of a sudden.
Really quaff
p - a grey potion {!q}?
It was a potion of degeneration {!q}.
There was something very wrong with that liquid.
You feel weakened.
You feel dopey.
You feel clumsy.
Really quaff
n - a fuming inky potion {!q}?
It was a potion of heal wounds {!q}.
You feel much better. Something closely misses you.
You hear some strange, mumbled words.
Something tries to affect you, but you resist.
Really read
m - a scroll labeled EDEFAO ECAQ {!r}?
As you read the scroll labeled EDEFAO ECAQ {!r}, it crumbles to dust.
It is a scroll of identify.
j - a scroll of immolation {!r} A magic dart appears from out of thin air!
The magic dart hits you!
Sigmund appears from thin air!
Reactivating autopickup.
Sigmund casts a spell at you. The magic dart hits you!
* * * LOW HITPOINT WARNING * * *
Sigmund flickers, as though insubstantial.
Sigmund casts a spell at you. The magic dart hits you!
You die...

#.. . #.... #..
#s#.# #..# #@#.#
#..# #.#.### #..#
#.....# #..#
#.....### #..#
#.......#
##..######.....#@#
...r.....@.....#.#
##.{############.#
##..# #####.#
....# #...@.#
###r# #@#####
..{.# #.# #####
#.# ###########@#


You could see Sigmund.

Vanquished Creatures
  2 adders (D:2)
  A worm (D:2)
  2 dart slugs (D:2)
  A leopard gecko (D:2)
  A giant cockroach (D:1)
  6 hobgoblins
  3 bats
  3 frilled lizards
  6 goblins
  7 kobolds
  4 rats
36 creatures vanquished.

Notes
Turn   | Place    | Note
-------+----------+-------------------------------------------
     0 | D:1      | Amnesiac the Deep Elf Earth Elementalist began the quest for the Orb.
     0 | D:1      | Reached XP level 1. HP: 10/10 MP: 6/6
   125 | D:1      | Reached XP level 2. HP: 15/15 MP: 5/8
   691 | D:2      | Reached XP level 3. HP: 19/19 MP: 7/10
   910 | D:2      | Noticed Sigmund
   971 | D:2      | Killed from afar by Sigmund

Vault maps used:
D:1:      shiori_arrival_maze
D:2:      first_ration, uniq_crazy_yiuf_cottage, uniq_sigmund

Skill      XL: |  1  2  3 |
---------------+----------+-----
Earth Magic    | 4 |  4.7
Spellcasting   | 4 |  4.0
Dodging        | |  2.4
Stealth        | |  2.4
Transmutations | |  1.1

Action                   || total
-------------------------++-------
Melee: Unarmed           ||     9
 Cast: Sandblast         ||    48
  Use: Scroll            ||     4
       Potion            ||     4
Armor: Robe              ||     1
Dodge: Dodged            ||    18

Table legend:
 A = Spawn XP
 B = Non-spawn XP
 C = Spawn XP percentage of total XP
 D = Spawn monster count
 E = Non-spawn monster count
 F = Spawn count percentage of total count
 G = Total turns spent on level
                    A         B        C        D         E        F      G
               +---------+---------+-------+---------+---------+-------+---------
         Total |       0 |      89 |   0.0 |       0 |      36 |   0.0 |   971
               +---------+---------+-------+---------+---------+-------+---------
           D:1 |       0 |      29 |   0.0 |       0 |      20 |   0.0 |   689
           D:2 |       0 |      60 |   0.0 |       0 |      16 |   0.0 |   282
               +---------+---------+-------+---------+---------+-------+---------
